[Event "Team 45 45 League T60"]
[Site "Internet Chess Club"]
[Date "2014.03.30"]
[Round "5"]
[White "drsigmund1"]
[Black "jps7"]
[Result "1-0"]
[WhiteElo "1521"]
[BlackElo "1687"]
[Opening "Queen's pawn game"]
[ECO "D02"]
[Time "13:01:08"]
[TimeControl "2700+45"]

1. d4 d5 2. Nf3 e6 3. Bf4 Nf6 4. e3 c5 5. c3 Qb6 6. Qb3 c4 7. Qc2 Nc6 8. Be2 Be7
9. h3 Ne4 10. Nbd2 f5 11. O-O O-O 12. b3 cxb3 13. axb3 Qd8 14. c4 Nb4 15. Qc1
Bd7 16. c5 Nc6 17. Qc2 Bf6 18. Rfb1 a6 19. b4 Na7 20. Ne5 Bxe5 21. Bxe5 Nb5 22.
Nxe4 fxe4 23. Rf1 Rc8 24. f3 exf3 25. Bxf3 Qg5 26. Bf4 Qe7 27. Be2 Qe8 28. Bd3
g6 29. Be5 Rf7 30. Rxf7 Qxf7 31. Rf1 Qe8 32. Rf6 Na3 33. Qf2 Bb5 34. Bxg6 hxg6
35. Qg3 Bd3 36. Bd6 Bf5 37. Rf8+ Qxf8 38. Bxf8 Kxf8 39. e4 dxe4 40. Qxa3 Rd8 41.
Qe3 e5 42. dxe5 Kf7 43. g4 Rd1+ 44. Kf2 Bd7 45. Qb3+ Be6 46. Qxd1 {Black
resigns} 1-0

[Event "Team 45 45 League T60"]
[Site "Internet Chess Club"]
[Date "2014.03.30"]
[Round "5"]
[White "julesraider"]
[Black "CaptK"]
[Result "1/2-1/2"]
[WhiteElo "1551"]
[BlackElo "1555"]
[Opening "King's Indian: orthodox variation"]
[ECO "E94"]
[Time "12:00:28"]
[TimeControl "2700+45"]

1. d4 Nf6 2. c4 g6 3. Nc3 Bg7 4. e4 d6 5. Nf3 O-O 6. Be2 e5 7. O-O Na6 8. a3 c5
9. d5 Ne8 10. Rb1 f5 11. Ng5 h6 12. Ne6 Bxe6 13. dxe6 Qe7 14. b4 Qxe6 15. Qd3
Rd8 16. Rd1 b6 17. Qd5 Qxd5 18. cxd5 Nb8 19. bxc5 fxe4 20. cxb6 axb6 21. Rxb6
Nf6 22. a4 Rc8 23. Nb5 Rc5 24. Ba3 Rc2 25. Bf1 Nfd7 26. Rxd6 Rfxf2 27. Bc1 Rf6
28. a5 Ra2 29. Bd2 e3 30. Bxe3 Rxa5 31. Bd2 Rxd6 32. Nxd6 Rc5 33. Ne4 Rc7 34.
Ba5 Ra7 35. Be1 Nf6 36. Bf2 Rd7 37. Nxf6+ Bxf6 38. Bb5 Rb7 39. Bc4 Rb4 40. Bd3
Kg7 41. d6 Rb7 42. Be4 Rd7 43. Bc5 Kf7 44. Bd5+ Kf8 45. Rf1 Kg7 46. Rb1 Na6 47.
Ba3 Bd8 48. Rb7 Rxb7 49. Bxb7 Nb8 50. Kf2 Kf6 51. Bd5 Nd7 52. Kf3 Bb6 53. Bc6
Nb8 54. Bb5 Ke6 55. Ke4 Bd4 56. g4 Ba1 57. h4 Bd4 58. h5 g5 59. Bc4+ Kf6 60. Kd5
Kf7 61. Bb5 Kf6 62. d7 Nxd7 63. Bxd7 Kf7 64. Kd6 Kf6 65. Bf5 Kg7 66. Ke6 Ba1 67.
Be7 e4 68. Bxe4 Bc3 69. Bg6 Ba1 70. Kd7 Bf6 71. Bd6 Kh8 72. Ke8 Bg7 73. Kf7 Ba1
74. Ke6 Bg7 75. Kf5 Kg8 76. Be7 Kh8 77. Bxg5 hxg5 78. Kxg5 Kg8 79. Be4 Bf8 80.
Bd5+ Kg7 81. Kf5 Be7 82. g5 Bxg5 83. Kxg5 Kh7 84. Be4+ Kg7 85. Bg6 Kg8 86. Kh6
Kh8 87. Bf5 Kg8 88. Kg6 Kh8 89. h6 Kg8 90. h7+ Kh8 91. Kf6 {Black stalemated}
1/2-1/2

[Event "Team 45 45 League T60"]
[Site "Internet Chess Club"]
[Date "2014.03.30"]
[Round "5"]
[White "sdcohle"]
[Black "rayngrant"]
[Result "0-1"]
[WhiteElo "1412"]
[BlackElo "1548"]
[Opening "Grünfeld: 5.e3"]
[ECO "D94"]
[Time "22:00:39"]
[TimeControl "2700+45"]

1. d4 Nf6 2. c4 g6 3. Nc3 d5 4. e3 Bg7 5. Nf3 O-O 6. cxd5 Nxd5 7. Be2 c5 8. O-O
Nc6 9. Nxd5 Qxd5 10. dxc5 Qxc5 11. Rb1 Bf5 12. Bd3 Rad8 13. Ne1 Nb4 14. Qb3 Nxd3
15. Nf3 Nb4 16. e4 Bxe4 17. Be3 Qa5 18. Ra1 Nc2 19. Rac1 Nxe3 20. Qxe3 Bxf3 21.
Qxf3 b5 22. b3 Rd2 23. Qe3 e6 24. a3 Rfd8 25. b4 Qa4 26. g3 Bb2 27. Rc7 Rd1 28.
Rxd1 Qxd1+ 29. Kg2 Qd5+ 30. Kh3 Bd4 31. Qf4 Qf5+ 32. Qxf5 gxf5 33. f3 Bb6 34.
Rc2 Rd3 35. Ra2 Rxf3 36. a4 bxa4 37. Rxa4 f4 38. b5 fxg3 39. hxg3 Rf5 40. Rb4
Ba5 41. Rb3 Rc5 42. Kh4 Rc4+ 43. Kh3 Rb4 44. Rxb4 Bxb4 45. g4 Kg7 46. Kg3 Kg6
47. Kf4 Bd6+ 48. Ke4 Kg5 49. Kf3 f5 50. gxf5 exf5 51. Kg2 h5 52. Kh3 f4 53. Kg2
Kg4 54. Kf2 h4 55. Kg2 h3+ 56. Kh2 f3+ 57. Kg1 h2+ 58. Kh1 Kg3 59. b6 f2 60.
bxa7 f1=Q# {White checkmated} 0-1

[Event "Team 45 45 League T60"]
[Site "Internet Chess Club"]
[Date "2014.03.31"]
[Round "5"]
[White "wildcat2023"]
[Black "clarinetref"]
[Result "1-0"]
[WhiteElo "1519"]
[BlackElo "1612"]
[Opening "Sicilian: Najdorf, 6.f4"]
[ECO "B93"]
[Time "19:07:35"]
[TimeControl "2700+45"]

1. e4 c5 2. Nf3 d6 3. d4 cxd4 4. Nxd4 Nf6 5. Nc3 a6 6. f4 e5 7. Nf3 Bg4 8. fxe5
Bxf3 9. gxf3 Nh5 10. Be3 Qh4+ 11. Bf2 Qf4 12. Nd5 Qxe5 13. Nc7+ Kd7 14. Nxa8 Be7
15. Nb6+ Ke8 16. c3 f5 17. Bd4 Qe6 18. Nd5 Bh4+ 19. Ke2 Kf7 20. Kd2 b5 21. a4
fxe4 22. fxe4 Qxe4 23. Qxh5+ g6 24. Qe2 Bg5+ 25. Ne3 Re8 26. Bg2 Qe6 27. Kd3
Bxe3 28. Bxe3 Qc4+ 29. Kd2 Qb3 30. Rhf1+ Ke6 31. Bb6+ Kd7 32. Bh3+ Kc6 33. Qxe8+
Kxb6 34. Qxb8+ Kc5 35. Qc7+ Kd5 36. Bg2+ {Black resigns} 1-0

[Event "Team 45 45 League T60"]
[Site "Internet Chess Club"]
[Date "2014.03.28"]
[Round "5"]
[White "PostMike"]
[Black "Bizzy-Ketty"]
[Result "1-0"]
[WhiteElo "1434"]
[BlackElo "1461"]
[Opening "Sicilian defense"]
[ECO "B33"]
[Time "10:00:10"]
[TimeControl "2700+45"]

1. e4 c5 2. Nf3 Nc6 3. d4 cxd4 4. Nxd4 Nf6 5. Nc3 e6 6. Nxc6 bxc6 7. Bd3 d5 8.
O-O Bb4 9. e5 Nd7 10. Re1 d4 11. a3 Bxc3 12. bxc3 dxc3 13. Rb1 O-O 14. Rb3 Qc7
15. f4 f6 16. Rxc3 fxe5 17. fxe5 Nxe5 18. Be4 Bd7 19. Bxh7+ Kxh7 20. Qh5+ Kg8
21. Qxe5 Qxe5 22. Rxe5 Rf7 23. Re1 Raf8 24. Be3 a6 25. Bc5 Rd8 26. Rd3 Re8 27.
Red1 Rb8 28. Rxd7 Rxd7 29. Rxd7 Rb1+ 30. Kf2 Rb2 31. Rd2 Kf7 32. Ke3 g6 33. Rf2+
Kg7 34. Bd4+ Kh6 35. Bxb2 Kg5 36. Rf6 c5 37. Rxe6 a5 38. Re5+ Kh6 39. Rxc5 a4
40. Re5 Kh7 41. c4 Kg8 42. c5 Kf7 43. c6 Kf6 44. c7 Kf7 45. c8=Q Kf6 46. Qe6+
Kg7 47. Rh5+ Kf8 48. Rh8# {Black checkmated} 1-0

[Event "Team 45 45 League T60"]
[Site "Internet Chess Club"]
[Date "2014.03.30"]
[Round "5"]
[White "kls1"]
[Black "smsxman"]
[Result "1-0"]
[WhiteElo "1289"]
[BlackElo "1327"]
[Opening "Ruy Lopez: old Steinitz defense"]
[ECO "C62"]
[Time "06:00:14"]
[TimeControl "2700+45"]

1. e4 e5 2. Nf3 Nc6 3. Bb5 d6 4. O-O Bd7 5. c3 Nf6 6. Re1 Be7 7. d4 exd4 8. cxd4
O-O 9. Nc3 a6 10. Ba4 b5 11. Bb3 Na5 12. Bc2 Bg4 13. h3 Bxf3 14. Qxf3 Nc4 15. b3
Nb6 16. e5 dxe5 17. dxe5 Nfd5 18. Nxd5 Nxd5 19. Bh6 Re8 20. Qe4 g6 21. Rad1 c6
22. e6 fxe6 23. Qxe6+ Kh8 24. Qf7 Bf6 25. Rxd5 cxd5 26. Rxe8+ Qxe8 27. Qxf6+ Kg8
28. Qg7# {Black checkmated} 1-0

[Event "Team 45 45 League T60"]
[Site "Internet Chess Club"]
[Date "2014.03.26"]
[Round "5"]
[White "Aquaman"]
[Black "princevultan2"]
[Result "1-0"]
[WhiteElo "1366"]
[BlackElo "1144"]
[Opening "Réti opening"]
[ECO "A04"]
[Time "20:00:30"]
[TimeControl "2700+45"]

1. Nf3 Nc6 2. g3 Nf6 3. Bg2 e5 4. d3 Bc5 5. O-O O-O 6. e4 d5 7. Nbd2 d4 8. Nc4
b5 9. Ncxe5 Nxe5 10. Nxe5 Qd6 11. Nf3 Rb8 12. e5 Qe6 13. exf6 Qxf6 14. Re1 Bb4
15. Bd2 Bxd2 16. Qxd2 Bb7 17. Ne5 Rfd8 18. Bxb7 Rxb7 19. Re4 h6 20. Rae1 Rbb8
21. Rf4 Qb6 22. Rxf7 Qd6 23. Qf4 Re8 24. Qg4 g6 25. Qf4 Rf8 26. Rxf8+ Rxf8 27.
Qxh6 Re8 28. Qf4 Rf8 29. Qe4 Re8 30. f4 c5 31. Kf2 Kg7 32. Qb7+ Re7 33. Qc6 Qxc6
34. Nxc6 Rxe1 35. Kxe1 a6 36. g4 Kf6 37. h4 b4 38. Nb8 a5 39. Nd7+ Ke7 40. Nxc5
Kf7 41. Nb3 a4 42. Nxd4 Kf6 43. Nc6 b3 44. cxb3 axb3 45. axb3 Ke6 46. Kd2 Kd6
47. Nd4 Kd5 48. Ke3 Kc5 49. Ke4 Kd6 50. b4 Kc7 51. h5 gxh5 52. gxh5 Kd7 53. h6
Ke7 54. Kf5 Kd6 55. h7 Kd5 56. h8=Q Kd6 57. Qe5+ Kd7 58. Qe6+ Kd8 59. Nc6+ Kc7
60. Qc4 Kd7 61. Ne5+ Kd6 62. Qc5# {Black checkmated} 1-0

[Event "Team 45 45 League T60"]
[Site "Internet Chess Club"]
[Date "2014.03.27"]
[Round "5"]
[White "uzi"]
[Black "Bryant-L"]
[Result "0-1"]
[WhiteElo "1408"]
[BlackElo "1632"]
[Opening "French: Winawer, advance, 5.a3"]
[ECO "C17"]
[Time "15:02:05"]
[TimeControl "2700+45"]

1. e4 e6 2. d4 d5 3. Nc3 Bb4 4. e5 c5 5. a3 cxd4 6. axb4 dxc3 7. bxc3 Qc7 8.
Bb5+ Bd7 9. Bxd7+ Nxd7 10. Qd4 Qxe5+ 11. Qxe5 Nxe5 12. Ne2 Nf6 13. O-O O-O 14.
Be3 a6 15. Nd4 Rac8 16. Ra3 Nc4 17. Rb3 Ne4 18. b5 Nxe3 19. fxe3 Rxc3 20. Rxc3
Nxc3 21. bxa6 bxa6 22. Ra1 Ra8 23. Nc6 Kf8 24. Nb4 a5 25. Nc6 a4 26. Ra3 Nb5 27.
Ra2 a3 28. Kf2 Ke8 29. Ke2 Nc3+ {White resigns} 0-1

[Event "Team 45 45 League T60"]
[Site "Internet Chess Club"]
[Date "2014.03.30"]
[Round "5"]
[White "QuimCatala"]
[Black "Tjet"]
[Result "0-1"]
[WhiteElo "1316"]
[BlackElo "1478"]
[Opening "Philidor: Larsen variation"]
[ECO "C41"]
[Time "15:02:50"]
[TimeControl "2700+45"]

1. e4 d6 2. Nf3 e5 3. d4 exd4 4. Nxd4 g6 5. Nc3 Bg7 6. Be3 Nf6 7. f3 O-O 8. g4
Nc6 9. h4 Nxd4 10. Bxd4 a6 11. Qd2 b5 12. a3 Bb7 13. h5 Re8 14. Bd3 c5 15. Be3
c4 16. Be2 d5 17. hxg6 dxe4 18. gxf7+ Kxf7 19. f4 Qxd2+ 20. Bxd2 e3 21. O-O-O
exd2+ 22. Kxd2 Bxh1 23. Rxh1 Rad8+ 24. Kc1 Rh8 25. g5 Nd5 26. Nxd5 Rxd5 27. g6+
hxg6 28. Rg1 Rh2 29. Bd1 Rd6 30. Re1 Bh6 31. Rf1 Rd4 32. Kb1 Rxf4 33. Bf3 Kg7
34. b3 cxb3 35. cxb3 Rh3 36. Kc2 Rfxf3 37. Rd1 Rh2+ 38. Rd2 Rxd2+ 39. Kb1 Rf1#
{White checkmated} 0-1

[Event "Team 45 45 League T60"]
[Site "Internet Chess Club"]
[Date "2014.03.31"]
[Round "5"]
[White "KingOfClubs"]
[Black "tamky70"]
[Result "1-0"]
[WhiteElo "1362"]
[BlackElo "1353"]
[Opening "French: classical, Vistaneckis (Nimzovich) variation"]
[ECO "C13"]
[Time "19:30:34"]
[TimeControl "2700+45"]

1. e4 e6 2. d4 d5 3. Nc3 Nf6 4. Bg5 Be7 5. e5 Ng8 6. Bxe7 Qxe7 7. Qd2 Nh6 8. h3
Nc6 9. Nf3 a6 10. a3 f6 11. Be2 O-O 12. O-O fxe5 13. Nxe5 Nxe5 14. dxe5 c5 15.
Nd1 Bd7 16. Ne3 Qg5 17. Qd3 Qxe5 18. Rab1 Nf5 19. Ng4 Qd4 20. Qxd4 Nxd4 21. Bd3
Bb5 22. Bxb5 axb5 23. c3 Nc6 24. Rbe1 Rae8 25. Re2 e5 26. Rfe1 h5 27. Nxe5 Nxe5
28. Rxe5 d4 29. Rxe8 dxc3 30. Rxf8+ Kxf8 31. bxc3 b4 32. axb4 cxb4 33. cxb4
{Black resigns} 1-0

[Event "Team 45 45 League T60"]
[Site "Internet Chess Club"]
[Date "2014.03.29"]
[Round "5"]
[White "Tribe97"]
[Black "arconia"]
[Result "1-0"]
[WhiteElo "1389"]
[BlackElo "1254"]
[Opening "Sicilian defense"]
[ECO "B32"]
[Time "11:07:42"]
[TimeControl "2700+45"]

1. e4 c5 2. Nf3 Nc6 3. d4 cxd4 4. Nxd4 a6 5. Nc3 e5 6. Nb3 Nf6 7. Bg5 Be7 8.
Bxf6 Bxf6 9. Nd5 Bg5 10. Be2 O-O 11. O-O f5 12. f3 f4 13. a4 d6 14. Bc4 Kh8 15.
Qd2 Bh4 16. Qd3 Qg5 17. Qd2 Qg6 18. Ra2 Be6 19. Raa1 Rac8 20. Nb6 Bxc4 21. Nxc4
Nd4 22. Nxd4 Rxc4 23. Nf5 Rxf5 24. exf5 Qxf5 25. Qxd6 Rd4 26. Qb8+ Rd8 27. Qxb7
Qxc2 28. Rfc1 Qf5 29. Rd1 Rxd1+ 30. Rxd1 h5 31. Qxa6 Qc2 32. Qa8+ Kh7 33. Qe4+
Qxe4 34. fxe4 Be7 35. a5 Bc5+ 36. Kf1 Kh6 37. Rd5 Bd4 38. Rxd4 exd4 39. a6 d3
40. a7 f3 41. gxf3 d2 42. Ke2 {Black resigns} 1-0

[Event "Team 45 45 League T60"]
[Site "Internet Chess Club"]
[Date "2014.03.30"]
[Round "5"]
[White "LittleButton"]
[Black "bobhill"]
[Result "0-1"]
[WhiteElo "1923"]
[BlackElo "1940"]
[Opening "Queen's pawn game, Darooha variation "]
[ECO "D02"]
[Time "17:01:13"]
[TimeControl "2700+45"]

1. d4 d5 2. Nf3 Nf6 3. c4 e6 4. cxd5 exd5 5. Nc3 c6 6. Bg5 Be7 7. Qc2 h6 8. Bxf6
Bxf6 9. e3 O-O 10. Bd3 Be6 11. b4 Nd7 12. Bf5 Bxf5 13. Qxf5 Re8 14. O-O Nb6 15.
Nd2 Qe7 16. Rab1 Bg5 17. Rfc1 Rad8 18. b5 Rd6 19. bxc6 bxc6 20. a4 Rf6 21. Qd3
Rxf2 22. Kxf2 Bxe3+ 23. Kf1 Qh4 24. Nd1 Qf4+ 25. Nf3 Bxc1 26. Qc3 Be3 27. Qxc6
Rc8 28. Qb5 Nc4 29. Qd7 Rb8 30. Rxb8+ Qxb8 31. Qxd5 Qb3 32. Qa8+ Kh7 33. Qe4+ g6
34. Nxe3 Nxe3+ 35. Kf2 Nd1+ 36. Kg3 Qa2 37. Qe1 Qxa4 38. Qe7 Qa2 39. h4 a5 40.
Qe1 Qc2 41. Qe7 Qf5 42. Qa7 Nc3 43. Kh2 Ne2 44. Qc7 a4 45. d5 a3 46. Qa5 Qf4+
47. Kh1 Ng3+ 48. Kg1 Qe3+ 49. Kh2 Nf5 50. Qc7 Kg7 51. Ne5 Qf4+ 52. Kg1 Nxh4 53.
Qe7 a2 {White resigns} 0-1

[Event "Team 45 45 League T60"]
[Site "Internet Chess Club"]
[Date "2014.03.30"]
[Round "5"]
[White "Beetlejuice"]
[Black "AngryDad"]
[Result "0-1"]
[WhiteElo "1810"]
[BlackElo "1699"]
[Opening "QGD Slav: 4.e3"]
[ECO "D11"]
[Time "13:02:06"]
[TimeControl "2700+45"]

1. d4 d5 2. c4 c6 3. Nf3 Nf6 4. e3 Bg4 5. Qb3 Qc7 6. Nc3 e6 7. Ne5 Bh5 8. h3
Nbd7 9. g4 Bg6 10. Nxg6 hxg6 11. g5 dxc4 12. Qxc4 Nd5 13. Nxd5 exd5 14. Qc2 Bd6
15. Bd2 Nf8 16. O-O-O Ne6 17. f4 O-O-O 18. Be2 Kb8 19. Kb1 Qe7 20. Bf3 Rde8 21.
Rdg1 Nc7 22. Bc1 Rd8 23. h4 Ne8 24. Rg2 Bc7 25. Rgh2 Nd6 26. Bg4 Ne4 27. Rh3 f5
28. Bf3 Rh7 29. Qg2 Rdh8 30. h5 Qf7 31. hxg6 Qxg6 32. R1h2 a6 33. Bxe4 dxe4 34.
Qh1 Rxh3 35. Rxh3 Rxh3 36. Qxh3 Qf7 37. Qh8+ Ka7 38. Bd2 g6 39. Bb4 Qc4 40. Bd2
Qd3+ 41. Kc1 Bxf4 42. exf4 e3 43. Be1 e2 44. Qh4 Qd1# {White checkmated} 0-1

[Event "Team 45 45 League T60"]
[Site "Internet Chess Club"]
[Date "2014.04.01"]
[Round "5"]
[White "badmove"]
[Black "misuc56"]
[Result "0-1"]
[WhiteElo "1535"]
[BlackElo "1846"]
[Opening "Sicilian: closed, 6.f4"]
[ECO "B25"]
[Time "18:04:20"]
[TimeControl "2700+45"]

1. e4 c5 2. Nc3 Nc6 3. g3 d6 4. Bg2 g6 5. d3 Bg7 6. f4 Bd7 7. Nf3 Rb8 8. O-O a6
9. h3 b5 10. Ne2 Qc8 11. g4 h5 12. f5 hxg4 13. hxg4 gxf5 14. exf5 Ne5 15. Nxe5
Bxe5 16. Bf4 Bxb2 17. Rb1 Bg7 18. Ng3 Bc6 19. Ne4 Nf6 20. Bxd6 Nxe4 21. f6 Nxd6
22. fxg7 Rg8 23. Bf3 Bxf3 24. Qxf3 Rxg7 25. Rbe1 Qxg4+ {White resigns} 0-1

[Event "Team 45 45 League T60"]
[Site "Internet Chess Club"]
[Date "2014.03.30"]
[Round "5"]
[White "rubo"]
[Black "Schachteufel"]
[Result "0-1"]
[WhiteElo "1627"]
[BlackElo "1648"]
[Opening "Bird: From gambit, Lasker variation"]
[ECO "A02"]
[Time "14:03:48"]
[TimeControl "2700+45"]

1. f4 e5 2. fxe5 d6 3. exd6 Bxd6 4. Nf3 g5 5. d4 g4 6. Ng5 f5 7. e4 h6 8. e5 Be7
9. Nh3 gxh3 10. Qh5+ Kf8 11. Bc4 Qe8 12. Qxe8+ Kxe8 13. Nd2 Nc6 14. c3 Bg5 15.
Nf3 Bxc1 16. Rxc1 Nge7 17. Nh4 Na5 18. Bd3 Be6 19. c4 b6 20. b4 Nb7 21. O-O hxg2
22. Rf2 Rg8 23. d5 Rg4 24. Nxf5 Bxf5 25. Bxf5 Nxf5 26. Rxf5 a5 27. b5 Ke7 28.
Rc2 Rag8 29. Rf6 h5 30. Rh6 Nc5 31. d6+ cxd6 32. exd6+ Kd7 33. Rxh5 Kxd6 34.
Rd5+ Kc7 35. Rf2 Rxc4 36. Rf7+ Kc8 37. Rd1 Rc2 38. Ra7 Kb8 39. Rf7 Rxa2 40. h4
Ra4 41. h5 Rh4 42. Kf2 Rh1 43. Rg1 Rxh5 44. Rxg2 Rxg2+ 45. Kxg2 Nb3 {White
resigns} 0-1

[Event "Team 45 45 League T60"]
[Site "Internet Chess Club"]
[Date "2014.03.29"]
[Round "5"]
[White "Otelo"]
[Black "achessman"]
[Result "0-1"]
[WhiteElo "1865"]
[BlackElo "1925"]
[Opening "Petrov: modern attack, main line"]
[ECO "C43"]
[Time "07:00:55"]
[TimeControl "2700+45"]

1. e4 e5 2. Nf3 Nf6 3. d4 exd4 4. e5 Ne4 5. Qxd4 d5 6. exd6 Nxd6 7. Nc3 Nc6 8.
Qf4 Bf5 9. Qa4 a6 10. Bg5 f6 11. Be3 b5 12. Qb3 Na5 13. Qb4 Ndc4 14. Bc5 Bxc5
15. Qxc5 Bxc2 16. Bxc4 Nxc4 17. Qc6+ Kf7 18. O-O Qd6 19. Qxd6 cxd6 20. b3 Nb6
21. Rac1 Bg6 22. Rfd1 Rhd8 23. Ne2 Rac8 24. Kf1 Rxc1 25. Rxc1 Rc8 26. Rxc8 Nxc8
27. Ned4 Bb1 28. a3 Bd3+ 29. Ke1 Nb6 30. Kd2 Be4 31. Ke3 Bb7 32. g3 g6 33. Nd2
Ke7 34. f4 f5 35. N2f3 Nd5+ 36. Kd3 Nf6 37. Kc3 Nd5+ 38. Kd3 h6 39. Nh4 Kf6 40.
Nhf3 g5 41. fxg5+ hxg5 42. h4 g4 43. Ng5 f4 44. Nde6 fxg3 45. Ke2 Nc3+ 46. Kf1
g2+ 47. Kf2 Ne2 {White resigns} 0-1

[Event "Team 45 45 League T60"]
[Site "Internet Chess Club"]
[Date "2014.03.27"]
[Round "5"]
[White "MBAStudent"]
[Black "Constrictor"]
[Result "1-0"]
[WhiteElo "1760"]
[BlackElo "1610"]
[Opening "Alekhine's defense: Scandinavian variation"]
[ECO "B02"]
[Time "20:00:51"]
[TimeControl "2700+45"]

1. e4 Nf6 2. Nc3 d5 3. exd5 Nxd5 4. Bc4 Nb6 5. Bb3 Nc6 6. Nf3 Bf5 7. d3 e6 8.
O-O Be7 9. Qe2 O-O 10. Ne5 Nxe5 11. Qxe5 Bf6 12. Qg3 c6 13. Re1 Nd5 14. Ne4 Bxe4
15. dxe4 Nc7 16. Bh6 Ne8 17. e5 Be7 18. Re4 g6 19. Bxf8 Bxf8 20. c3 Qd2 21. Rb1
Rd8 22. Qe3 Qxe3 23. Rxe3 Rd2 24. Kf1 Be7 25. Re2 Rxe2 26. Kxe2 Bc5 27. Rd1 Kf8
28. Rd7 b6 29. Rxa7 {Black resigns} 1-0

[Event "Team 45 45 League T60"]
[Site "Internet Chess Club"]
[Date "2014.03.31"]
[Round "5"]
[White "ghostfire"]
[Black "fishhead"]
[Result "0-1"]
[WhiteElo "1688"]
[BlackElo "1743"]
[Opening "Sicilian: Najdorf, Opocensky variation"]
[ECO "B92"]
[Time "20:02:51"]
[TimeControl "2700+45"]

1. e4 c5 2. Nf3 d6 3. d4 cxd4 4. Nxd4 Nf6 5. Nc3 a6 6. Be2 e5 7. Nb3 Be7 8. O-O
Be6 9. Be3 Qc7 10. Kh1 Nbd7 11. f4 b5 12. Bf3 Nb6 13. Nd2 Rd8 14. Qe1 b4 15.
Bxb6 Qxb6 16. Nd5 Bxd5 17. exd5 exf4 18. Qe2 Qe3 19. Qxe3 fxe3 20. Nc4 Nd7 21.
Nxe3 Bf6 22. Nc4 Be5 23. Rae1 O-O 24. b3 g6 25. Re4 f5 26. Ree1 Rfe8 27. h3 Bg3
28. Re6 Nc5 29. Rxe8+ Rxe8 30. Na5 Be5 31. Re1 Kf7 32. Nc6 Bc3 33. Rxe8 Kxe8 34.
Na5 Ke7 35. Kg1 Kf6 36. Nc4 Be5 37. a3 bxa3 38. Nxa3 h5 39. Nc4 Ne4 40. Kf1 Nc3
41. Kf2 f4 42. Ke1 Kf5 43. Kd2 Ne4+ 44. Kd3 Nf6 45. Nxe5 Kxe5 46. c4 g5 47. Bd1
a5 48. Be2 g4 49. hxg4 hxg4 50. Bd1 Ne4 51. Be2 g3 52. Bf3 Ng5 53. Bg4 f3 54.
Bxf3 Nxf3 55. Ke3 Nd4 56. c5 dxc5 {White resigns} 0-1

[Event "Team 45 45 League T60"]
[Site "Internet Chess Club"]
[Date "2014.03.30"]
[Round "5"]
[White "fireball"]
[Black "mugurelt"]
[Result "1/2-1/2"]
[WhiteElo "1759"]
[BlackElo "1699"]
[Opening "Sicilian: Smith-Morra gambit"]
[ECO "B21"]
[Time "16:33:32"]
[TimeControl "2700+45"]

1. e4 c5 2. d4 cxd4 3. c3 Nf6 4. e5 Nd5 5. cxd4 Qa5+ 6. Bd2 Qb6 7. Bc3 d6 8. Nf3
Bg4 9. Nbd2 dxe5 10. dxe5 Nc6 11. Qb3 Qxb3 12. axb3 e6 13. Bb5 Bc5 14. Bxc6+
bxc6 15. O-O O-O 16. Nd4 Rfc8 17. Ra6 Bxd4 18. Bxd4 Be2 19. Rxa7 Rxa7 20. Bxa7
Bxf1 21. Kxf1 Ra8 22. Bd4 Nf4 23. f3 Rd8 24. Bc3 Nd5 25. Ke2 Nxc3+ 26. bxc3 Kf8
27. Ke3 Ra8 28. g4 Ke7 29. h4 f6 30. f4 fxe5 31. fxe5 Ra5 32. Ke4 Ra2 33. Nc4
Rh2 34. h5 Rg2 35. Ne3 Rg1 {Game drawn by mutual agreement} 1/2-1/2

[Event "Team 45 45 League T60"]
[Site "Internet Chess Club"]
[Date "2014.03.29"]
[Round "5"]
[White "RD1974"]
[Black "Insan996"]
[Result "1-0"]
[WhiteElo "1645"]
[BlackElo "1611"]
[Opening "Caro-Kann: anti-Caro-Kann defense"]
[ECO "B10"]
[Time "14:07:34"]
[TimeControl "2700+45"]

1. e4 c6 2. c4 e6 3. Qa4 Na6 4. d4 d5 5. cxd5 b5 6. Qb3 exd5 7. exd5 Nf6 8. dxc6
Qxd4 9. Qe3+ Qxe3+ 10. Bxe3 Nc7 11. Nc3 b4 12. Na4 Be7 13. Nf3 O-O 14. Bc4 Be6
15. Be2 Rfe8 16. Ne5 Bd5 17. Bf3 Bxf3 18. Nxf3 Nfd5 19. Ke2 Bd6 20. Rhe1 Nxe3
21. fxe3 Nd5 22. Kf2 Rac8 23. Rad1 Nxe3 24. Rxe3 Rxe3 25. Kxe3 Rxc6 26. h3 g6
27. Nd4 Ra6 28. b3 Be5 29. Nc2 Re6 30. Kf3 a5 31. Rd8+ Kg7 32. Ra8 Bc7 33. Ra7
Bd8 34. Rd7 Bf6 35. Nc5 Rc6 36. Rd5 Be7 37. Nb7 Rxc2 38. Rxa5 Rc7 39. Rb5 Rc2
40. Ra5 Rc7 41. Rb5 Rc2 42. Re5 Rc7 43. Na5 Kf6 44. Re2 Rc3+ 45. Ke4 Rc5 46. Nc4
Rc6 47. Rf2+ Kg7 48. Rxf7+ Kxf7 49. Ne5+ Ke6 50. Nxc6 Bc5 51. Nd8+ Kd7 52. Nf7
Ke7 53. Ng5 h6 54. Kd5 Bd6 55. Ne4 Bc7 56. Kc6 Be5 57. Kb5 Bc3 58. Kc4 Be1 59.
Nc5 Kd6 60. Nd3 Bd2 61. Nxb4 Ke5 62. a4 Kf4 63. a5 Be3 64. Nd5+ {Black resigns}
1-0

[Event "Team 45 45 League T60"]
[Site "Internet Chess Club"]
[Date "2014.03.30"]
[Round "5"]
[White "Ajolote"]
[Black "noblitz-oblige"]
[Result "0-1"]
[WhiteElo "1549"]
[BlackElo "1608"]
[Opening "Giuoco Piano"]
[ECO "C50"]
[Time "14:00:35"]
[TimeControl "2700+45"]

1. e4 e5 2. Nf3 Nc6 3. Bc4 Bc5 4. O-O Nf6 5. Nc3 O-O 6. d3 h6 7. Be3 d6 8. h3
Na5 9. Bb3 Nxb3 10. axb3 Re8 11. Qd2 c6 12. Bxc5 dxc5 13. Qe3 b6 14. Rad1 Nh5
15. Rfe1 Nf4 16. Ne2 Ne6 17. c3 Qf6 18. Nh2 Nf4 19. Nxf4 exf4 20. Qf3 Be6 21. e5
Qg5 22. c4 Rad8 23. Re4 Bf5 24. Rxf4 Rxe5 25. g4 Rxd3 26. Rxd3 Bxd3 27. Kg2 Bg6
28. Nf1 Qe7 29. Ng3 Bc2 30. Nf5 Qe8 31. Ng3 g5 32. Rf6 Kg7 33. Nh5+ Kg8 34. Ng3
Kg7 35. Nh5+ Kg8 36. Ng3 Re6 37. Rxe6 Qxe6 38. Kh2 Qd6 39. Kg2 Qf4 40. Qxc6 Bxb3
41. Qxh6 Bxc4 42. Nf5 Bd5+ 43. Kf1 Qc1+ 44. Ke2 Qxb2+ 45. Ke3 Qe5+ 46. Kd2 Qf4+
47. Ke2 Bf3+ 48. Ke1 Qc1# {White checkmated} 0-1

[Event "Team 45 45 League T60"]
[Site "Internet Chess Club"]
[Date "2014.03.29"]
[Round "5"]
[White "TimeCo"]
[Black "calily"]
[Result "0-1"]
[WhiteElo "1388"]
[BlackElo "1758"]
[Opening "Queen's pawn game"]
[ECO "D04"]
[Time "13:04:21"]
[TimeControl "2700+45"]

1. d4 Nf6 2. Nf3 d5 3. e3 Bf5 4. Bd3 Bxd3 5. Qxd3 e6 6. Nc3 Be7 7. O-O O-O 8. e4
dxe4 9. Nxe4 Nbd7 10. Ne5 Nxe5 11. dxe5 Qxd3 12. cxd3 Nxe4 13. dxe4 Rfd8 14. Be3
c5 15. Rac1 b6 16. b3 h6 17. f4 Rd3 18. Rfe1 Rad8 19. f5 Bg5 20. Bxg5 hxg5 21.
f6 Rd2 22. Ra1 Rb2 23. fxg7 Rdd2 24. h3 Rxg2+ 25. Kh1 Kxg7 26. Red1 Rxa2 27.
Rxa2 Rxa2 28. Rd7 Rb2 29. Rxa7 Rxb3 30. Ra2 Rxh3+ 31. Kg1 Rb3 32. Rg2 Kg6 {White
resigns} 0-1

[Event "Team 45 45 League T60"]
[Site "Internet Chess Club"]
[Date "2014.03.29"]
[Round "5"]
[White "wildkingdumb"]
[Black "chessjav"]
[Result "1-0"]
[WhiteElo "1907"]
[BlackElo "1895"]
[Opening "French: advance, Paulsen attack"]
[ECO "C02"]
[Time "17:09:49"]
[TimeControl "2700+45"]

1. e4 e6 2. d4 d5 3. e5 c5 4. c3 Nc6 5. Nf3 Qb6 6. Be2 cxd4 7. cxd4 Nh6 8. Nc3
Nf5 9. Na4 Qa5+ 10. Bd2 Bb4 11. Bc3 b5 12. a3 Bxc3+ 13. Nxc3 a6 14. O-O Qb6 15.
a4 b4 16. a5 Nxa5 17. Na4 Qc7 18. Nc5 Nc4 19. Bxc4 dxc4 20. Qa4+ Bd7 21. Nxd7
Qxd7 22. Qxb4 Nxd4 23. Qxc4 Nxf3+ 24. gxf3 Qb7 25. Qa4+ Qd7 26. Qa3 Qe7 27. f4
f6 28. Rfd1 fxe5 29. Qa4+ Kf8 30. Rd7 Qh4 31. Qc6 Re8 32. Rxa6 exf4 33. Qd6+ Kg8
34. Qxe6+ Rxe6 35. Ra8+ Re8 36. Rxe8# {Black checkmated} 1-0

[Event "Team 45 45 League T60"]
[Site "Internet Chess Club"]
[Date "2014.04.06"]
[Round "5"]
[White "alexine"]
[Black "meduzo"]
[Result "0-1"]
[WhiteElo "1593"]
[BlackElo "1540"]
[Opening "Queen's pawn: Torre attack"]
[ECO "A46"]
[Time "01:00:38"]
[TimeControl "2700+45"]

1. d4 Nf6 2. Nf3 e6 3. Bg5 d5 4. Nbd2 c5 5. c3 Nc6 6. e3 Be7 7. Bd3 O-O 8. Ne5
Nxe5 9. dxe5 Nd7 10. Bxe7 Qxe7 11. f4 f6 12. Qh5 g6 13. Qh4 c4 14. Bc2 Qc5 15.
Qh3 Qb6 16. O-O-O fxe5 17. fxe5 Nxe5 18. Rdf1 Bd7 19. Qg3 Nd3+ 20. Bxd3 cxd3 21.
h4 Qa5 22. Kb1 Qa4 23. Nb3 Rxf1+ 24. Rxf1 Rf8 25. Rxf8+ Kxf8 26. Qf4+ Qxf4 27.
exf4 Ba4 28. Nc5 d2 {White resigns} 0-1